 Dungeon Crawl Stone Soup version 0.31-a0-210-gccc998df9b (webtiles) character file.

Game seed: 13617154090452153175

182179 qw the Severer (level 18, 0/118 (120) HPs)
             Began as a Gargoyle Fighter on June 29, 2023.
             Was an Elder of Okawaru.
             Slain by a jorogumo (7 damage)
             ... on level 4 of the Spider Nest.
             The game lasted 00:21:21 (33888 turns).

qw the Severer (Gargoyle Fighter)                  Turns: 33888, Time: 00:21:21

HP:   0/118 (120)   AC: 49    Str: 28    XL:     18   Next: 33%
MP:   25/25         EV: 16    Int: 14    God:    Okawaru [****..]
Gold: 664           SH:  0    Dex: 12    Spells: 17/17 levels left

rFire   + . .        A - +4 broad axe (holy)
rCold   . . .        I - +0 tower shield
rNeg    + . .        r - +7 plate armour {rF+}
rPois   inf          n - +2 hat
rElec   +            J - +1 cloak {Will+}
rCorr   .            G - +0 pair of gloves
SInv    .            c - +1 pair of boots "Holued" {Str+2 Dex+4 Stlth-}
Will    ++...        y - amulet of faith Stlth
                     v - +5 ring of evasion
HPRegen 0.39/turn    H - ring "Josigg" {+Blink EV+5}
MPRegen 0.19/turn

%: faith
@: about to teleport, heroic, flying, held, lightly drained
A: sickness immunity, AC +13, big wings, negative energy resistance 1,
electricity resistance, torment resistance 1, petrification resistance,
camouflage 1, clever 1, mutation resistance 1, sturdy frame 1
a: Renounce Religion, Evoke Blink, Heroism, Finesse


You were on level 4 of the Spider Nest.
You worshipped Okawaru.
Okawaru was greatly pleased with you.
You visited 6 branches of the dungeon, and saw 30 of its levels.

You collected 2816 gold pieces.
You spent 2152 gold pieces at shops.


Innate Abilities, Weirdness & Mutations

You are immune to sickness and miasma.
Your stone body is resilient. (AC +13)
You are immune to poison.
Your large and strong wings let you fly.
You resist negative energy. (rN+)
You are resistant to electric shocks. (rElec)
You are resistant to unholy torment.
You are immune to petrification.
Your skin changes colour to match your surroundings (Stealth+).
Your mind is acute. (Int +4, Str/Dex -1)
You are somewhat resistant to further mutation.
Your movements are slightly less encumbered by armour. (ER -2)


   Skills:
 - Level 16.0(21.0) Fighting
 - Level 18.0(23.0) Axes
 - Level 7.7(12.7) Throwing
 - Level 15.0(20.0) Armour
 - Level 5.1(10.1) Dodging
 + Level 13.5(18.5) Shields
 - Level 10.1 Invocations


You had 17 spell levels left.
You didn't know any spells.
Your spell library was empty.

Inventory:

Hand Weapons
 A - a +4 broad axe of holy wrath (weapon)
Missiles
 b - a silver boomerang (quivered)
 k - 14 boomerangs
Armour
 c - the +1 pair of boots "Holued" (worn) {Str+2 Dex+4 Stlth-}
   (Okawaru gifted it to you on level 15 of the Dungeon)

   Str:       It affects your strength (+2).
   Dex:       It affects your dexterity (+4).
   Stlth:     It makes you less stealthy.
 i - a +2 cloak
 n - a +2 hat (worn)
 r - a +7 plate armour of fire resistance (worn)
 z - the +5 scale mail of Filth {rPois rC++ rCorr Dex+4}
   (You found it on level 5 of the Lair of Beasts)

   Dex:       It affects your dexterity (+4).
   rC:        It greatly protects you from cold.
   rPois:     It protects you from poison.
   rCorr:     It protects you from acid and corrosion.
 G - a +0 pair of gloves (worn)
 I - a +0 tower shield (worn)
 J - a +1 cloak of willpower (worn)
Jewellery
 m - the ring "Zuecrath" {Wiz rF- rCorr Str+9 Stlth-}
   (You found it on level 12 of the Dungeon)

   [ring of wizardry]

   It improves your spell success rate.
   Str:       It affects your strength (+9).
   rF:        It makes you vulnerable to fire.
   rCorr:     It protects you from acid and corrosion.
   Stlth:     It makes you less stealthy.
 v - a +5 ring of evasion (left hand)
 w - an amulet of reflection
 y - an amulet of faith (around neck)
 B - a ring of protection from cold
 D - the ring "Rogrid" {rC+ Str+2}
   (You found it on level 13 of the Dungeon)

   [ring of protection from cold]

   Str:       It affects your strength (+2).
   rC:        It protects you from cold.
 F - a ring of fire
 H - the ring "Josigg" (right hand) {+Blink EV+5}
   (You bought it in a shop on level 2 of the Orcish Mines)

   [ring of evasion]

   EV:        It affects your evasion (+5).
   +Blink:    It lets you blink.
Wands
 h - a wand of digging (7)
Scrolls
 j - 10 scrolls of identify
 o - 9 scrolls of teleportation
 q - a scroll of brand weapon
Potions
 a - 3 potions of curing
 d - 2 potions of might
 e - 7 potions of mutation
 f - 5 potions of haste
 g - 7 potions of enlightenment
 l - 3 potions of lignification
 s - 2 potions of cancellation
 t - 4 potions of attraction
 x - 3 potions of resistance
 C - a potion of magic

Dungeon Overview and Level Annotations

Branches:
Dungeon (15/15)            Temple (1/1) D:4            Lair (5/5) D:9
 Shoals (3/4) Lair:2       Spider (4/4) Lair:3        Slime (0/5) Lair:5
    Orc (2/2) D:12            Elf (0/3) Orc:2        Vaults (0/5) D:13
 Depths (0/4) D:15

Altars:
Ashenzari
Cheibriados
Dithmenos
Elyvilon
Fedhas
Gozag
Hepliaklqana
Kikubaaqudgha
Makhleb
Nemelex Xobeh
Okawaru
Qazlal
Ru
Sif Muna
Trog
Uskayaw
Vehumet
Wu Jian
Xom
Yredelemnul
Zin
The Shining One
Jiyva

Shops:
D:2 [   D:3 :   D:4 (   D:9 :   D:13 *   Orc:2 [?=(:   Shoals:1 [

Annotations:
D:9 2 transporters
Lair:1 1 runed translucent door, qw's ghost, journeyman DEHu


Message History

You slice the jorogumo!!
The jorogumo is almost dead.
You slash the tarantella simulacrum!
The tarantella simulacrum convulses!
You miss the tarantella. You slice the culicivora!!
You barely miss the tarantella simulacrum.
You block the culicivora's attack. The tarantella barely misses you.
You block the tarantella simulacrum's attack. x2
The jorogumo completely misses you.
You barely miss the jorogumo.
The jorogumo is almost dead.
You hit the radroach. You slice the tarantella simulacrum!!
The tarantella simulacrum vaporises!
You slice the tarantella simulacrum!!
The tarantella simulacrum vaporises!
You barely miss the tarantella.
The orb spider's soul is no longer bound.
The tarantella touches you but does no damage.
The orb spider pulsates with a strange energy.
You slash the jorogumo!
The jorogumo is almost dead.
You barely miss the radroach. You slice the tarantella!!
You block the jorogumo's attack. You block the tarantella's attack.
The radroach bites you!
The radroach claws you but does no damage.
33887 ||| READING 10 scrolls of teleportation.
As you read the scroll of teleportation, it crumbles to dust.
You feel strangely unstable. You block the tarantella's attack.
The jorogumo stares at you and mumbles some strange words.
The stream of webbing hits you but does no damage.
You are caught in a web!
The culicivora is healed somewhat.
The orb spider weaves a glowing orb of energy.
The tarantella misses you. The radroach bites you!
The radroach closely misses you.
The jorogumo stares at you and mumbles some strange words.
The bolt of negative energy hits you. You partially resist.
You feel drained.
An orb of destruction comes into view.
You struggle to detach yourself from the web.
The tarantella completely misses you. The jorogumo hits you!
You die...

. .. s.^##
. ..^###
... #s.##
..#..#s*0#
....ZBH@##
....#sB##
.#...ss
....sZ#
$..$##
#... ^#. .


You could see a jorogumo, a radroach (soul bound), 2 orb spiders, 2 culicivoras,
a pharaoh ant, a jumping spider (soul bound), a tarantella, a redback simulacrum
and a culicivora simulacrum.

Vanquished Creatures
  Mara (Shoals:3)
  Nikola (Spider:2)
  Arachne (Spider:3)
  Rupert (D:13)
  Gastronok (Lair:2)
  Kirke (Shoals:1)
  Aizul (Shoals:2)
  4 emperor scorpions
  3 ghost moths
  Louise (Shoals:2)
  A very ugly thing (D:15)
  2 broodmothers
  Nessos (D:13)
  3 spark wasps
  2 merfolk impalers
  Josephine (D:11)
  3 entropy weavers
  3 rakshasas (D:15)
  4 hydras
  6 boulder beetles
  4 radroaches
  An alligator snapping turtle (Shoals:2)
  3 centaur warriors
  Erica (Lair:2)
  5 catoblepae
  3 jorogumos
  A merfolk aquamancer (Shoals:3)
  3 two-headed ogres
  A death scarab (Spider:3)
  A merfolk avatar (Shoals:2)
  7 death yaks (Lair:5)
  2 tengu warriors
  8 demonic crawlers
  Urug (D:13)
  3 orc high priests (Orc:2)
  Amaemon (Lair:2)
  Nergalle (Lair:2)
  4 skysharks
  A glowing orange brain (D:15)
  8 sea snakes
  7 orb spiders
  8 pharaoh ants
  3 sun moths
  3 steelbarb worms
  25 harpies
  3 deep elf pyromancers
  A lindwurm (Lair:5)
  5 orc knights
  6 orc sorcerers
  3 oklob plants (Lair:5)
  A salamander (shapeshifter) (D:15)
  12 manticores
  11 wolf spiders
  7 ugly things
  7 cyclopes
  4 moths of wrath (Spider:3)
  13 fauns
  15 elephants
  A black mamba (Lair:3)
  An ice statue (Shoals:1)
  Joseph (D:7)
  A guardian serpent (shapeshifter) (D:14)
  3 merfolk sirens
  An orange demon (Lair:2)
  4 water nymphs
  A gargoyle (D:10)
  A torpor snail (Spider:3)
  Psyche (D:11)
  8 cane toads
  An unseen horror (D:13)
  A yaktaur (D:15)
  5 komodo dragons
  4 rime drakes
  A freezing wraith (D:15)
  A tengu conjurer (D:15)
  18 merfolk
  5 polar bears
  9 trolls
  A polar bear (shapeshifter) (D:13)
  10 blink frogs
  18 tarantellas
  6 wind drakes
  3 slime creatures
  11 dream sheep
  18 culicivoras
  21 jumping spiders
  4 water elementals
  A centaur simulacrum (D:13)
  79 yaks
  4 wyverns
  3 hogs (Shoals:1)
  7 wraiths
  A vampire (D:9)
  4 basilisks
  Grum (D:11)
  16 humans (D:13)
  40 redbacks
  4 vampire mosquitoes
  2 wargs (Orc:1)
  15 water moccasins
  3 acid dragons
  Duvessa (D:6)
  26 orc warriors
  An ice beast (D:7)
  A meliai simulacrum (D:15)
  A black bear (D:6)
  4 sky beasts
  A centaur (D:11)
  20 wolves
  7 ogres
  A kobold brigand (D:8)
  4 scorpions
  17 bullfrogs
  4 wights (D:9)
  Dowan (D:6)
  13 killer bees
  6 electric eels (D:11)
  3 howler monkeys
  A crimson imp (D:5)
  3 jellies
  2 hounds
  15 orc priests
  3 sleepcaps (D:6)
  An iguana (D:6)
  21 orc wizards
  13 hell rats
  9 gnolls
  6 adders
  2 white imps
  3 ufetubi (D:6)
  3 worms
  78 orcs
  3 ball pythons
  2 bats
  7 endoplasms
  2 giant cockroaches
  11 goblins
  5 hobgoblins
  11 jackals
  2 kobolds
  4 quokkas
  4 frilled lizards
  5 rats
901 creatures vanquished.

Vanquished Creatures (others)
  A culicivora (Spider:4)
  2 jumping spiders (Spider:2)
  2 orc wizards
5 creatures vanquished.

Grand Total: 906 creatures vanquished

Notes
Turn   | Place    | Note
-------+----------+-------------------------------------------
     0 | D:1      | qw the Gargoyle Fighter began the quest for the Orb.
     0 | D:1      | Reached XP level 1. HP: 14/14 MP: 1/1
     0 | D:1      | 0 ||| qw: Version: 0.3-a-24-ga2abf7b
     0 | D:1      | 0 ||| qw: Game counter: 6883
     0 | D:1      | 0 ||| qw: Melee chars always use a shield: true
     0 | D:1      | 0 ||| qw: God list: Okawaru
     0 | D:1      | 0 ||| qw: Allow faded altars: false
     0 | D:1      | 0 ||| qw: Do Orc after clearing Dungeon:15 true
     0 | D:1      | 0 ||| qw: Do second Lair branch before Depths: true
     0 | D:1      | 0 ||| qw: Lair rune preference: random
     0 | D:1      | 0 ||| qw: Goals: Normal, Zot:1-4, Slime:5, God:TSO, Crypt,
                  | Tomb, Abyss, Pan, Hells, Win
     0 | D:1      | 0 ||| PLANNING D:1-11
    85 | D:1      | Reached skill level 2 in Axes
   153 | D:1      | Reached XP level 2. HP: 19/19 MP: 2/2
   312 | D:1      | 312 ||| Stepping ~*~*~tactically~*~*~ (hiding).
   318 | D:1      | Reached skill level 3 in Axes
   442 | D:1      | Reached XP level 3. HP: 23/23 MP: 3/3
   700 | D:1      | 700 ||| UPGRADING to ring of see invisible.
   701 | D:1      | 701 ||| READING scroll labelled NANIMU PUBAXIPP.
   706 | D:1      | 706 ||| READING scroll labelled CISEYSS YLEBI.
   707 | D:1      | 707 ||| DRINKING 2 coppery potions.
   707 | D:1      | Gained mutation: Your movements are slightly less
                  | encumbered by armour. (ER -2) [potion of mutation]
   707 | D:1      | Gained mutation: Your skin changes colour to match your
                  | surroundings (Stealth+). [potion of mutation]
   707 | D:1      | Gained mutation: You are somewhat resistant to further
                  | mutation. [potion of mutation]
   707 | D:1      | Gained mutation: Your mind is acute. (Int +4, Str/Dex -1)
                  | [potion of mutation]
   747 | D:2      | 747 ||| Stepping ~*~*~tactically~*~*~ (stealth).
   752 | D:2      | Found Vadabel's Antique Armour Shop.
   753 | D:2      | 753 ||| Stepping ~*~*~tactically~*~*~ (stealth).
   755 | D:2      | 755 ||| Stepping ~*~*~tactically~*~*~ (stealth).
   757 | D:2      | 757 ||| Stepping ~*~*~tactically~*~*~ (stealth).
   779 | D:2      | 779 ||| SHOPLISTING glowing leather armour (125 gold, have
                  | 45).
   779 | D:2      | 779 ||| SHOPLISTING pair of boots (112 gold, have 45).
   779 | D:2      | 779 ||| SHOPLISTING runed leather armour (125 gold, have
                  | 45).
   806 | D:2      | 806 ||| Stepping ~*~*~tactically~*~*~ (hiding).
   955 | D:2      | 955 ||| Stepping ~*~*~tactically~*~*~ (stealth).
  1039 | D:2      | 1039 ||| Stepping ~*~*~tactically~*~*~ (stealth).
  1040 | D:2      | 1040 ||| Stepping ~*~*~tactically~*~*~ (stealth).
  1069 | D:2      | 1069 ||| Stepping ~*~*~tactically~*~*~ (stealth).
  1202 | D:2      | Reached XP level 4. HP: 28/28 MP: 4/4
  1252 | D:2      | 1252 ||| Stepping ~*~*~tactically~*~*~ (stealth).
  1259 | D:2      | 1259 ||| Stepping ~*~*~tactically~*~*~ (stealth).
  1319 | D:2      | 1319 ||| Stepping ~*~*~tactically~*~*~ (stealth).
  1321 | D:2      | 1321 ||| Stepping ~*~*~tactically~*~*~ (stealth).
  1323 | D:2      | 1323 ||| Stepping ~*~*~tactically~*~*~ (stealth).
  1451 | D:2      | Reached skill level 4 in Axes
  1528 | D:2      | 1528 ||| UPGRADING to +6 ring of strength.
  1529 | D:2      | 1529 ||| READING scroll labelled ZAEC IDUVI.
  1642 | D:3      | 1642 ||| Stepping ~*~*~tactically~*~*~ (stealth).
  1882 | D:3      | Found Fuwkan's Book Shoppe.
  1998 | D:3      | 1998 ||| Stepping ~*~*~tactically~*~*~ (stealth).
  2000 | D:3      | 2000 ||| Stepping ~*~*~tactically~*~*~ (stealth).
  2004 | D:3      | 2004 ||| Stepping ~*~*~tactically~*~*~ (stealth).
  2020 | D:3      | 2020 ||| DROPPING +0 club.
  2159 | D:3      | Reached XP level 5. HP: 31/32 MP: 5/5
  2263 | D:3      | 2263 ||| Stepping ~*~*~tactically~*~*~ (stealth).
  2334 | D:3      | 2334 ||| UPGRADING to +2 hat.
  2339 | D:3      | 2339 ||| UPGRADING to +0 chain mail.
  2349 | D:3      | 2349 ||| DROPPING +0 scale mail.
  2350 | D:3      | 2350 ||| READING scroll labelled QURAAMN ELLI.
  2351 | D:3      | 2351 ||| READING scroll labelled SIUPLOMIEZ.
  2352 | D:3      | 2352 ||| READING scroll labelled DAEM EDIDIF.
  2353 | D:3      | 2353 ||| READING scroll labelled OPUTICLAISK.
  2550 | D:4      | Found Fawelaiz's Weapon Shop.
  2554 | D:4      | 2554 ||| SHOPLISTING +4 flail of holy wrath (396 gold, have
                  | 151).
  2699 | D:4      | Found a staircase to the Ecumenical Temple.
  2700 | D:4      | 2700 ||| PLANNING TEMPLE
  2700 | D:4      | 2700 ||| READING scroll labelled MAIZANK TUMODY.
  2729 | Temple   | Entered the Ecumenical Temple
  2747 | Temple   | 2747 ||| PLANNING OKAWARU WORSHIP
  2949 | Temple   | Became a worshipper of Warmaster Okawaru
  2950 | Temple   | 2950 ||| PLANNING D:1-11
  3095 | D:4      | Found a glowing silver altar of Zin.
  3098 | D:4      | Found a hazy altar of Hepliaklqana.
  3101 | D:4      | Found a blossoming altar of Fedhas.
  3104 | D:4      | Found an ornate altar of the Wu Jian Council.
  3527 | D:4      | 3527 ||| READING scroll labelled ROFOOL XACWUACS.
  3528 | D:4      | 3528 ||| READING scroll labelled TANOFU FUNEF.
  3578 | D:5      | Entered Level 5 of the Dungeon
  3578 | D:5      | Noticed an ogre
  3584 | D:5      | Killed an ogre
  3585 | D:5      | Reached skill level 5 in Axes
  3585 | D:5      | Reached XP level 6. HP: 35/37 MP: 6/6
  3631 | D:5      | 3631 ||| Stepping ~*~*~tactically~*~*~ (hiding).
  3895 | D:5      | Reached * piety under Okawaru
  3902 | D:5      | 3902 ||| FLEEEEING.
  3903 | D:5      | 3903 ||| FLEEEEING.
  3904 | D:5      | 3904 ||| FLEEEEING.
  3905 | D:5      | 3905 ||| FLEEEEING.
  3906 | D:5      | 3906 ||| FLEEEEING.
  3907 | D:5      | 3907 ||| FLEEEEING.
  3908 | D:5      | 3908 ||| FLEEEEING.
  3909 | D:5      | 3909 ||| FLEEEEING.
  3910 | D:5      | 3910 ||| FLEEEEING.
  3911 | D:5      | 3911 ||| FLEEEEING.
  3912 | D:5      | 3912 ||| FLEEEEING.
  3913 | D:5      | 3913 ||| FLEEEEING.
  3914 | D:5      | 3914 ||| FLEEEEING.
  4119 | D:5      | Reached skill level 6 in Axes
  4119 | D:5      | Reached skill level 1 in Invocations
  4119 | D:5      | Reached XP level 7. HP: 43/43 MP: 7/7
  4120 | D:5      | 4120 ||| Stepping ~*~*~tactically~*~*~ (hiding).
  4121 | D:5      | 4121 ||| Stepping ~*~*~tactically~*~*~ (hiding).
  4123 | D:5      | 4123 ||| Stepping ~*~*~tactically~*~*~ (hiding).
  4125 | D:5      | 4125 ||| Stepping ~*~*~tactically~*~*~ (hiding).
  4126 | D:5      | 4126 ||| Stepping ~*~*~tactically~*~*~ (hiding).
  4130 | D:5      | 4130 ||| Stepping ~*~*~tactically~*~*~ (stealth).
  4131 | D:5      | 4131 ||| Stepping ~*~*~tactically~*~*~ (stealth).
  4207 | D:5      | Reached skill level 1 in Dodging
  4461 | D:5      | 4461 ||| READING scroll labelled MAGHOSTR TERINK.
  4462 | D:5      | 4462 ||| READING 3 scrolls labelled XERO MEDGHU.
  4463 | D:5      | 4463 ||| READING scroll labelled GOATUC AFOTS.
  4464 | D:5      | 4464 ||| READING 2 scrolls of identify.
  4464 | D:5      | 4464 ||| IDENTIFYING ruby potion
  4490 | D:6      | 4490 ||| INVOKING Heroism.
  4510 | D:6      | 4510 ||| INVOKING Heroism.
  4518 | D:6      | Reached skill level 3 in Invocations
  4760 | D:6      | Reached XP level 8. HP: 48/48 MP: 9/11
  4853 | D:6      | 4853 ||| Stepping ~*~*~tactically~*~*~ (stealth).
  4855 | D:6      | 4855 ||| INVOKING Heroism.
  4890 | D:6      | Reached skill level 7 in Axes
  4894 | D:6      | Noticed Duvessa
  4895 | D:6      | 4895 ||| Stepping ~*~*~tactically~*~*~ (stealth).
  4896 | D:6      | 4896 ||| INVOKING Heroism.
  4896 | D:6      | Noticed Dowan
  4897 | D:6      | 4897 ||| Stepping ~*~*~tactically~*~*~ (stealth).
  4900 | D:6      | 4900 ||| Stepping ~*~*~tactically~*~*~ (stealth).
  4901 | D:6      | 4901 ||| Stepping ~*~*~tactically~*~*~ (stealth).
  4902 | D:6      | 4902 ||| Stepping ~*~*~tactically~*~*~ (stealth).
  4909 | D:6      | Killed Duvessa
  4915 | D:6      | 4915 ||| INVOKING Heroism.
  4917 | D:6      | Killed Dowan
  4918 | D:6      | Reached skill level 1 in Throwing
  5072 | D:6      | 5072 ||| INVOKING Heroism.
  5212 | D:6      | 5212 ||| INVOKING Heroism.
  5409 | D:6      | 5409 ||| INVOKING Heroism.
  5413 | D:6      | Reached skill level 8 in Axes
  5613 | D:6      | 5613 ||| UPGRADING to +2 pair of boots.
  5618 | D:6      | 5618 ||| DRINKING 3 white potions.
  5619 | D:6      | 5619 ||| READING 2 scrolls of identify.
  5619 | D:6      | 5619 ||| IDENTIFYING orange potion
  5710 | D:7      | 5710 ||| INVOKING Heroism.
  5716 | D:7      | Reached skill level 6 in Fighting
  5764 | D:7      | Noticed Joseph
  5769 | D:7      | 5769 ||| INVOKING Heroism.
  5784 | D:7      | Killed Joseph
  5785 | D:7      | Reached skill level 9 in Axes
  5785 | D:7      | Reached XP level 9. HP: 23/55 MP: 7/12
  6106 | D:7      | 6106 ||| Stepping ~*~*~tactically~*~*~ (stealth).
  6324 | D:7      | 6324 ||| INVOKING Heroism.
  6350 | D:7      | 6350 ||| DROPPING +2 hat.
  6351 | D:7      | 6351 ||| READING scroll labelled EGROYL GOWAIB.
  6352 | D:7      | 6352 ||| DRINKING 2 blue potions.
  6353 | D:7      | 6353 ||| DRINKING 2 grey potions.
  6354 | D:7      | 6354 ||| DRINKING 2 amethyst potions.
  6355 | D:7      | 6355 ||| DROPPING potion of degeneration.
  6356 | D:7      | 6356 ||| DROPPING potion of brilliance.
  6501 | D:8      | Noticed a two-headed ogre
  6502 | D:8      | 6502 ||| INVOKING Heroism.
  6511 | D:8      | Killed a two-headed ogre
  6511 | D:8      | Reached ** piety under Okawaru
  6512 | D:8      | Reached skill level 10 in Axes
  6513 | D:8      | 6513 ||| Stepping ~*~*~tactically~*~*~ (stealth).
  6516 | D:8      | 6516 ||| Stepping ~*~*~tactically~*~*~ (stealth).
  6518 | D:8      | 6518 ||| Stepping ~*~*~tactically~*~*~ (stealth).
  6527 | D:8      | 6527 ||| INVOKING Heroism.
  6904 | D:8      | 6904 ||| Stepping ~*~*~tactically~*~*~ (stealth).
  6916 | D:8      | 6916 ||| INVOKING Heroism.
  6921 | D:8      | Reached XP level 10. HP: 45/64 MP: 10/13
  7010 | D:8      | 7010 ||| Stepping ~*~*~tactically~*~*~ (stealth).
  7013 | D:8      | 7013 ||| Stepping ~*~*~tactically~*~*~ (stealth).
  7145 | D:8      | 7145 ||| UPGRADING to +0 plate armour.
  7154 | D:8      | 7154 ||| UPGRADING to +0 plate armour.
  7159 | D:8      | 7159 ||| DROPPING +0 chain mail.
  7160 | D:8      | 7160 ||| READING 2 scrolls of enchant armour.
  7160 | D:8      | 7160 ||| ENCHANTING +0 plate armour.
  7161 | D:8      | 7161 ||| READING scroll of enchant armour.
  7161 | D:8      | 7161 ||| ENCHANTING +1 plate armour.
  7511 | D:8      | 7511 ||| Stepping ~*~*~tactically~*~*~ (stealth).
  7513 | D:8      | 7513 ||| Stepping ~*~*~tactically~*~*~ (hiding).
  7519 | D:8      | 7519 ||| INVOKING Heroism.
  7557 | D:8      | 7557 ||| UPGRADING to +2 plate armour of fire resistance.
  7569 | D:8      | 7569 ||| DRINKING 2 potions of curing.
  7569 | D:8      | 7569 ||| (to cure confusion)
  7577 | D:8      | 7577 ||| DROPPING +2 plate armour.
  7666 | D:9      | Found Haisusaj's Book Shoppe.
  7668 | D:9      | 7668 ||| FLEEEEING.
  7669 | D:9      | 7669 ||| FLEEEEING.
  7670 | D:9      | 7670 ||| FLEEEEING.
  7671 | D:9      | 7671 ||| FLEEEEING.
  7672 | D:9      | 7672 ||| FLEEEEING.
  7673 | D:9      | 7673 ||| FLEEEEING.
  7674 | D:9      | 7674 ||| FLEEEEING.
  7677 | D:9      | 7677 ||| FLEEEEING.
  7678 | D:9      | 7678 ||| FLEEEEING.
  7684 | D:9      | 7684 ||| STAIRDANCE
  7791 | D:9      | 7791 ||| Stepping ~*~*~tactically~*~*~ (hiding).
  7796 | D:9      | 7796 ||| INVOKING Heroism.
  7801 | D:9      | HP: 15/64 [acid dragon/splash of acid (23)]
  7802 | D:9      | 7802 ||| READING 3 scrolls of teleportation.
  7805 | D:9      | Reached skill level 6 in Armour
  7978 | D:9      | 7978 ||| Stepping ~*~*~tactically~*~*~ (hiding).
  7979 | D:9      | 7979 ||| Stepping ~*~*~tactically~*~*~ (stealth).
  7981 | D:9      | 7981 ||| Stepping ~*~*~tactically~*~*~ (hiding).
  7989 | D:9      | 7989 ||| INVOKING Heroism.
  8194 | D:9      | 8194 ||| Stepping ~*~*~tactically~*~*~ (hiding).
  8289 | D:9      | Found a staircase to the Lair.
  8323 | D:9      | Noticed a centaur warrior
  8324 | D:9      | 8324 ||| Stepping ~*~*~tactically~*~*~ (hiding).
  8333 | D:9      | Killed a centaur warrior
  8333 | D:9      | Reached *** piety under Okawaru
  8451 | D:9      | Identified the +0 robe of Puntoho {Harm rN++ Regen+ Dex-2}
  8668 | D:9      | Reached skill level 11 in Axes
  8669 | D:9      | Found a transporter.
  8887 | D:9      | Noticed an ogre mage
  8890 | D:9      | Found a transporter.
  8974 | D:9      | 8974 ||| PLANNING LAIR
  8974 | D:9      | 8974 ||| UPGRADING to +2 cloak.
  8979 | D:9      | 8979 ||| UPGRADING to +5 ring of evasion.
  8981 | D:9      | 8981 ||| DROPPING ring of see invisible.
  8982 | D:9      | 8982 ||| READING 2 scrolls of identify.
  8982 | D:9      | 8982 ||| IDENTIFYING cyan potion
  9016 | Lair:1   | Entered Level 1 of the Lair of Beasts
  9029 | Lair:1   | Noticed a cane toad
  9030 | Lair:1   | 9030 ||| INVOKING Heroism.
  9037 | Lair:1   | Killed a cane toad
  9046 | Lair:1   | Reached skill level 9 in Fighting
  9088 | Lair:1   | Reached XP level 11. HP: 71/71 MP: 14/14
  9097 | Lair:1   | 9097 ||| Stepping ~*~*~tactically~*~*~ (stealth).
  9098 | Lair:1   | 9098 ||| Stepping ~*~*~tactically~*~*~ (stealth).
  9109 | Lair:1   | Reached **** piety under Okawaru
  9196 | Lair:1   | 9196 ||| INVOKING Heroism.
  9254 | Lair:1   | Noticed a boulder beetle
  9255 | Lair:1   | 9255 ||| INVOKING Heroism.
  9266 | Lair:1   | Killed a boulder beetle
  9346 | Lair:1   | 9346 ||| Stepping ~*~*~tactically~*~*~ (stealth).
  9348 | Lair:1   | 9348 ||| Stepping ~*~*~tactically~*~*~ (stealth).
  9350 | Lair:1   | 9350 ||| INVOKING Heroism.
  9367 | Lair:1   | 9367 ||| Stepping ~*~*~tactically~*~*~ (stealth).
  9368 | Lair:1   | 9368 ||| Stepping ~*~*~tactically~*~*~ (stealth).
  9369 | Lair:1   | 9369 ||| INVOKING Heroism.
  9370 | Lair:1   | 9370 ||| Stepping ~*~*~tactically~*~*~ (stealth).
  9371 | Lair:1   | 9371 ||| Stepping ~*~*~tactically~*~*~ (stealth).
  9396 | Lair:1   | 9396 ||| INVOKING Heroism.
  9423 | Lair:1   | 9423 ||| READING scroll of enchant armour.
  9423 | Lair:1   | 9423 ||| ENCHANTING +2 plate armour of fire resistance.
  9447 | Lair:1   | 9447 ||| READING scroll of enchant weapon.
  9447 | Lair:1   | 9447 ||| ENCHANTING +1 war axe.
  9471 | Lair:1   | 9471 ||| INVOKING Heroism.
  9491 | Lair:1   | Reached skill level 6 in Invocations
  9503 | Lair:1   | Reached ***** piety under Okawaru
  9506 | Lair:1   | 9506 ||| INVOKING Heroism.
  9590 | Lair:1   | Found a runed translucent door.
  9671 | Lair:1   | 9671 ||| READING scroll of enchant weapon.
  9671 | Lair:1   | 9671 ||| ENCHANTING +2 war axe.
  9719 | Lair:1   | 9719 ||| INVOKING Heroism.
 10129 | Lair:1   | Noticed qw's ghost (journeyman DEHu)
 10325 | Lair:1   | 10325 ||| Stepping ~*~*~tactically~*~*~ (stealth).
 10329 | Lair:1   | 10329 ||| Stepping ~*~*~tactically~*~*~ (stealth).
 10347 | Lair:1   | 10347 ||| Stepping ~*~*~tactically~*~*~ (stealth).
 10887 | Lair:2   | Reached skill level 12 in Axes
 10891 | Lair:2   | 10891 ||| Stepping ~*~*~tactically~*~*~ (stealth).
 10892 | Lair:2   | 10892 ||| Stepping ~*~*~tactically~*~*~ (stealth).
 10926 | Lair:2   | 10926 ||| INVOKING Heroism.
 10935 | Lair:2   | Reached skill level 6 in Shields
 10935 | Lair:2   | Reached XP level 12. HP: 57/76 MP: 15/18
 10943 | Lair:2   | 10943 ||| Stepping ~*~*~tactically~*~*~ (stealth).
 10971 | Lair:2   | 10971 ||| INVOKING Heroism.
 10973 | Lair:2   | 10973 ||| Stepping ~*~*~tactically~*~*~ (hiding).
 10993 | Lair:2   | Noticed Gastronok
 11000 | Lair:2   | 11000 ||| FLEEEEING.
 11001 | Lair:2   | 11001 ||| FLEEEEING.
 11002 | Lair:2   | 11002 ||| STAIRDANCE
 11177 | Lair:2   | 11177 ||| INVOKING Heroism.
 11195 | Lair:2   | Killed Gastronok
 11196 | Lair:2   | Reached skill level 9 in Invocations
 11196 | Lair:2   | 11196 ||| Stepping ~*~*~tactically~*~*~ (stealth).
 11199 | Lair:2   | 11199 ||| Stepping ~*~*~tactically~*~*~ (stealth).
 11200 | Lair:2   | 11200 ||| Stepping ~*~*~tactically~*~*~ (stealth).
 11241 | Lair:2   | Noticed a six-headed hydra
 11242 | Lair:2   | 11242 ||| INVOKING Heroism.
 11243 | Lair:2   | 11243 ||| SWAPPING to +0 flail.
 11244 | Lair:2   | 11244 ||| INVOKING Finesse.
 11252 | Lair:2   | Killed a six-headed hydra
 11253 | Lair:2   | 11253 ||| SWAPPING to +3 war axe.
 11304 | Lair:2   | 11304 ||| READING scroll of enchant weapon.
 11304 | Lair:2   | 11304 ||| ENCHANTING +3 war axe.
 11324 | Lair:2   | Noticed Amaemon
 11325 | Lair:2   | 11325 ||| FLEEEEING.
 11326 | Lair:2   | 11326 ||| INVOKING Heroism.
 11330 | Lair:2   | 11330 ||| Stepping ~*~*~tactically~*~*~ (hiding).
 11338 | Lair:2   | Killed Amaemon
 11347 | Lair:2   | Noticed Erica
 11348 | Lair:2   | 11348 ||| Stepping ~*~*~tactically~*~*~ (hiding).
 11351 | Lair:2   | 11351 ||| INVOKING Finesse.
 11365 | Lair:2   | Killed Erica
 11403 | Lair:2   | 11403 ||| Stepping ~*~*~tactically~*~*~ (stealth).
 11407 | Lair:2   | 11407 ||| Stepping ~*~*~tactically~*~*~ (stealth).
 11409 | Lair:2   | 11409 ||| Stepping ~*~*~tactically~*~*~ (stealth).
 11426 | Lair:2   | Noticed Nergalle
 11427 | Lair:2   | 11427 ||| Stepping ~*~*~tactically~*~*~ (hiding).
 11430 | Lair:2   | 11430 ||| INVOKING Heroism.
 11451 | Lair:2   | HP: 18/77 [yak (10)]
 11452 | Lair:2   | 11452 ||| READING 4 scrolls of teleportation.
 11454 | Lair:2   | Killed Nergalle
 11486 | Lair:2   | Noticed a seven-headed hydra
 11487 | Lair:2   | 11487 ||| FLEEEEING.
 11491 | Lair:2   | 11491 ||| STAIRDANCE
 11705 | Lair:2   | 11705 ||| INVOKING Heroism.
 11706 | Lair:2   | 11706 ||| INVOKING Finesse.
 11708 | Lair:2   | 11708 ||| SWAPPING to +0 flail.
 11713 | Lair:2   | Killed a seven-headed hydra
 11714 | Lair:2   | Reached skill level 13 in Axes
 11714 | Lair:2   | 11714 ||| SWAPPING to +4 war axe.
 11745 | Lair:2   | 11745 ||| Stepping ~*~*~tactically~*~*~ (stealth).
 11747 | Lair:2   | 11747 ||| Stepping ~*~*~tactically~*~*~ (stealth).
 11754 | Lair:2   | 11754 ||| Stepping ~*~*~tactically~*~*~ (stealth).
 11756 | Lair:2   | 11756 ||| Stepping ~*~*~tactically~*~*~ (stealth).
 12112 | Lair:2   | Found a staircase to the Shoals.
 12339 | Lair:3   | Noticed a catoblepas
 12340 | Lair:3   | 12340 ||| PLANNING GAUNTLET
 12340 | Lair:3   | 12340 ||| INVOKING Heroism.
 12355 | Lair:3   | Killed a catoblepas
 12356 | Lair:3   | Reached skill level 9 in Armour
 12382 | Lair:3   | Noticed a catoblepas
 12383 | Lair:3   | 12383 ||| INVOKING Heroism.
 12393 | Lair:3   | Killed a catoblepas
 12418 | Lair:3   | Reached XP level 13. HP: 82/82 MP: 20/20
 12504 | Lair:3   | Reached skill level 14 in Axes
 12522 | Lair:3   | 12522 ||| FLEEEEING.
 12523 | Lair:3   | 12523 ||| FLEEEEING.
 12809 | Lair:3   | 12809 ||| Stepping ~*~*~tactically~*~*~ (stealth).
 12827 | Lair:3   | 12827 ||| INVOKING Heroism.
 12942 | Lair:3   | 12942 ||| Stepping ~*~*~tactically~*~*~ (hiding).
 12953 | Lair:3   | 12953 ||| RIP GAUNTLET
 12955 | Lair:3   | 12955 ||| PLANNING LAIR
 12992 | Lair:3   | Found a hole to the Spider Nest.
 13222 | Lair:3   | 13222 ||| Stepping ~*~*~tactically~*~*~ (stealth).
 13296 | Lair:3   | 13296 ||| Stepping ~*~*~tactically~*~*~ (stealth).
 13297 | Lair:3   | 13297 ||| Stepping ~*~*~tactically~*~*~ (stealth).
 13302 | Lair:3   | 13302 ||| INVOKING Heroism.
 13458 | Lair:3   | 13458 ||| FLEEEEING.
 14118 | Lair:4   | 14118 ||| Stepping ~*~*~tactically~*~*~ (stealth).
 14257 | Lair:4   | 14257 ||| Stepping ~*~*~tactically~*~*~ (stealth).
 14263 | Lair:4   | Received a gift from Okawaru
 14285 | Lair:4   | 14285 ||| INVOKING Heroism.
 14360 | Lair:4   | 14360 ||| Stepping ~*~*~tactically~*~*~ (stealth).
 14366 | Lair:4   | 14366 ||| INVOKING Heroism.
 14404 | Lair:4   | 14404 ||| Stepping ~*~*~tactically~*~*~ (stealth).
 14406 | Lair:4   | 14406 ||| Stepping ~*~*~tactically~*~*~ (stealth).
 14440 | Lair:4   | 14440 ||| Stepping ~*~*~tactically~*~*~ (stealth).
 14510 | Lair:4   | 14510 ||| FLEEEEING.
 14519 | Lair:4   | 14519 ||| Stepping ~*~*~tactically~*~*~ (stealth).
 14628 | Lair:4   | 14628 ||| Stepping ~*~*~tactically~*~*~ (hiding).
 14858 | Lair:4   | 14858 ||| Stepping ~*~*~tactically~*~*~ (stealth).
 15017 | Lair:4   | 15017 ||| UPGRADING to amulet of faith.
 15022 | Lair:4   | 15022 ||| DRINKING 2 emerald potions.
 15023 | Lair:4   | 15023 ||| READING 2 scrolls of identify.
 15023 | Lair:4   | 15023 ||| IDENTIFYING bubbling grey potion
 15024 | Lair:4   | 15024 ||| DROPPING potion of ambrosia.
 15046 | Lair:5   | Entered Level 5 of the Lair of Beasts
 15111 | Lair:5   | Reached ****** piety under Okawaru
 15118 | Lair:5   | Reached skill level 15 in Axes
 15174 | Lair:5   | 15174 ||| INVOKING Heroism.
 15275 | Lair:5   | Received a gift from Okawaru
 15371 | Lair:5   | Identified the +5 scale mail of Filth {rPois rC++ rCorr
                  | Dex+4}
 15474 | Lair:5   | 15474 ||| INVOKING Heroism.
 15475 | Lair:5   | 15475 ||| INVOKING Finesse.
 15486 | Lair:5   | Gained mutation: Your large and strong wings let you fly.
                  | [Gargoyle growth]
 15486 | Lair:5   | Reached XP level 14. HP: 77/91 MP: 14/21
 15538 | Lair:5   | 15538 ||| INVOKING Heroism.
 15539 | Lair:5   | 15539 ||| INVOKING Finesse.
 15552 | Lair:5   | Reached skill level 12 in Fighting
 15619 | Lair:5   | 15619 ||| INVOKING Heroism.
 15620 | Lair:5   | 15620 ||| INVOKING Finesse.
 15661 | Lair:5   | 15661 ||| Stepping ~*~*~tactically~*~*~ (stealth).
 15696 | Lair:5   | 15696 ||| Stepping ~*~*~tactically~*~*~ (stealth).
 15699 | Lair:5   | 15699 ||| Stepping ~*~*~tactically~*~*~ (stealth).
 15748 | Lair:5   | 15748 ||| Stepping ~*~*~tactically~*~*~ (stealth).
 15750 | Lair:5   | 15750 ||| INVOKING Heroism.
 15751 | Lair:5   | 15751 ||| INVOKING Finesse.
 15820 | Lair:5   | 15820 ||| INVOKING Heroism.
 15822 | Lair:5   | 15822 ||| INVOKING Finesse.
 15881 | Lair:5   | 15881 ||| INVOKING Heroism.
 15888 | Lair:5   | 15888 ||| INVOKING Finesse.
 15970 | Lair:5   | 15970 ||| Stepping ~*~*~tactically~*~*~ (hiding).
 15971 | Lair:5   | 15971 ||| Stepping ~*~*~tactically~*~*~ (hiding).
 16093 | Lair:5   | 16093 ||| INVOKING Heroism.
 16094 | Lair:5   | 16094 ||| INVOKING Finesse.
 16199 | Lair:5   | 16199 ||| Stepping ~*~*~tactically~*~*~ (hiding).
 16539 | Lair:5   | Found a viscous altar of Jiyva.
 16540 | Lair:5   | 16540 ||| INVOKING Heroism.
 16542 | Lair:5   | Found a staircase to the Slime Pits.
 16553 | Lair:5   | 16553 ||| INVOKING Finesse.
 16563 | Lair:5   | Reached skill level 16 in Axes
 16719 | Lair:5   | 16719 ||| PLANNING D:1-11
 16719 | Lair:5   | 16719 ||| DROPPING +0 acid dragon scales.
 16720 | Lair:5   | 16720 ||| DROPPING +0 chain mail of positive energy.
 16854 | D:10     | Entered Level 10 of the Dungeon
 16967 | D:10     | 16967 ||| Stepping ~*~*~tactically~*~*~ (hiding).
 16968 | D:10     | 16968 ||| Stepping ~*~*~tactically~*~*~ (hiding).
 16969 | D:10     | 16969 ||| Stepping ~*~*~tactically~*~*~ (hiding).
 17068 | D:10     | 17068 ||| FLEEEEING.
 17069 | D:10     | 17069 ||| FLEEEEING.
 17070 | D:10     | 17070 ||| FLEEEEING.
 17071 | D:10     | 17071 ||| FLEEEEING.
 17074 | D:10     | 17074 ||| FLEEEEING.
 17075 | D:10     | 17075 ||| FLEEEEING.
 17076 | D:10     | 17076 ||| FLEEEEING.
 17077 | D:10     | 17077 ||| FLEEEEING.
 17078 | D:10     | 17078 ||| FLEEEEING.
 17146 | D:10     | 17146 ||| Stepping ~*~*~tactically~*~*~ (stealth).
 17227 | D:10     | Received a gift from Okawaru
 17468 | D:10     | 17468 ||| Stepping ~*~*~tactically~*~*~ (hiding).
 17480 | D:10     | 17480 ||| Stepping ~*~*~tactically~*~*~ (stealth).
 17488 | D:10     | 17488 ||| Stepping ~*~*~tactically~*~*~ (hiding).
 17510 | D:10     | 17510 ||| Stepping ~*~*~tactically~*~*~ (stealth).
 17532 | D:10     | 17532 ||| Stepping ~*~*~tactically~*~*~ (stealth).
 17702 | D:10     | 17702 ||| DRINKING 2 bubbling cyan potions.
 17889 | D:11     | 17889 ||| Stepping ~*~*~tactically~*~*~ (stealth).
 17898 | D:11     | 17898 ||| INVOKING Heroism.
 18081 | D:11     | 18081 ||| Stepping ~*~*~tactically~*~*~ (stealth).
 18134 | D:11     | 18134 ||| Stepping ~*~*~tactically~*~*~ (stealth).
 18143 | D:11     | Noticed Josephine
 18145 | D:11     | 18145 ||| Stepping ~*~*~tactically~*~*~ (hiding).
 18158 | D:11     | Noticed Psyche
 18175 | D:11     | Killed Josephine
 18175 | D:11     | Received a gift from Okawaru
 18193 | D:11     | 18193 ||| FLEEEEING.
 18194 | D:11     | 18194 ||| FLEEEEING.
 18212 | D:11     | Killed Psyche
 18251 | D:11     | 18251 ||| SWAPPING to +2 broad axe of holy wrath.
 18252 | D:11     | 18252 ||| DROPPING +4 war axe.
 18372 | D:11     | 18372 ||| Stepping ~*~*~tactically~*~*~ (stealth).
 18374 | D:11     | 18374 ||| Stepping ~*~*~tactically~*~*~ (stealth).
 18539 | D:11     | Noticed Grum
 18540 | D:11     | 18540 ||| INVOKING Heroism.
 18541 | D:11     | 18541 ||| INVOKING Finesse.
 18551 | D:11     | Killed Grum
 18712 | D:11     | 18712 ||| PLANNING D
 18712 | D:11     | 18712 ||| READING scroll labelled OGGOARO BOTETA.
 18742 | D:12     | 18742 ||| Stepping ~*~*~tactically~*~*~ (hiding).
 18743 | D:12     | 18743 ||| Stepping ~*~*~tactically~*~*~ (hiding).
 18745 | D:12     | 18745 ||| Stepping ~*~*~tactically~*~*~ (hiding).
 18862 | D:12     | Identified the ring "Zuecrath" {Wiz rF- rCorr Str+9 Stlth-}
 18888 | D:12     | 18888 ||| Stepping ~*~*~tactically~*~*~ (hiding).
 18891 | D:12     | 18891 ||| Stepping ~*~*~tactically~*~*~ (hiding).
 19086 | D:12     | 19086 ||| Stepping ~*~*~tactically~*~*~ (hiding).
 19089 | D:12     | 19089 ||| Stepping ~*~*~tactically~*~*~ (hiding).
 19119 | D:12     | 19119 ||| FLEEEEING.
 19324 | D:12     | 19324 ||| INVOKING Heroism.
 19325 | D:12     | 19325 ||| INVOKING Finesse.
 19494 | D:12     | 19494 ||| Stepping ~*~*~tactically~*~*~ (hiding).
 19495 | D:12     | 19495 ||| Stepping ~*~*~tactically~*~*~ (hiding).
 19566 | D:12     | 19566 ||| Stepping ~*~*~tactically~*~*~ (stealth).
 19593 | D:12     | Found a staircase to the Orcish Mines.
 19881 | D:12     | 19881 ||| UPGRADING to ring "Zuecrath" {Wiz rF- rCorr Str+9
                  | Stlth-}.
 19883 | D:12     | 19883 ||| READING 2 scrolls of identify.
 19883 | D:12     | 19883 ||| IDENTIFYING metallic orange potion
 20001 | D:13     | 20001 ||| Stepping ~*~*~tactically~*~*~ (stealth).
 20005 | D:13     | 20005 ||| Stepping ~*~*~tactically~*~*~ (stealth).
 20010 | D:13     | Reached XP level 15. HP: 96/96 MP: 22/22
 20066 | D:13     | 20066 ||| Stepping randomly (disturbance).
 20067 | D:13     | 20067 ||| Stepping randomly (disturbance).
 20077 | D:13     | 20077 ||| Stepping ~*~*~tactically~*~*~ (hiding).
 20087 | D:13     | Received a gift from Okawaru
 20088 | D:13     | Reached skill level 3 in Dodging
 20218 | D:13     | Found Acinlu Osoem's Assorted Antiques.
 20228 | D:13     | 20228 ||| BUYING potion of heal wounds (125 gold).
 20228 | D:13     | Bought a potion of heal wounds for 125 gold pieces
 20228 | D:13     | 20228 ||| BUYING runed morningstar (175 gold).
 20228 | D:13     | Bought a runed morningstar for 175 gold pieces
 20278 | D:13     | Found a frozen archway.
 20400 | D:13     | Noticed Nessos
 20401 | D:13     | 20401 ||| Stepping ~*~*~tactically~*~*~ (hiding).
 20405 | D:13     | 20405 ||| INVOKING Finesse.
 20406 | D:13     | Noticed Rupert
 20406 | D:13     | Noticed Urug
 20407 | D:13     | 20407 ||| INVOKING Heroism.
 20423 | D:13     | Killed Rupert
 20423 | D:13     | Received a gift from Okawaru
 20424 | D:13     | Reached skill level 17 in Axes
 20424 | D:13     | HP: 24/96 [Nessos/arrow (5)]
 20425 | D:13     | 20425 ||| READING 10 scrolls of teleportation.
 20425 | D:13     | HP: 7/96 [Nessos/arrow (17)]
 20425 | D:13     | HP: 2/96 [Nessos/arrow (5)]
 20426 | D:13     | 20426 ||| DRINKING 2 potions of heal wounds.
 20659 | D:13     | 20659 ||| INVOKING Finesse.
 20664 | D:13     | Killed Nessos
 20770 | D:13     | 20770 ||| Stepping ~*~*~tactically~*~*~ (stealth).
 20782 | D:13     | 20782 ||| INVOKING Heroism.
 20876 | D:13     | Found the +3 robe of Clouds {*Thunder rCloud rElec}
 20914 | D:13     | 20914 ||| INVOKING Heroism.
 21035 | D:13     | 21035 ||| DROPPING +7 mace of draining.
 21046 | D:13     | Identified the ring "Rogrid" {rC+ Str+2}
 21192 | D:13     | 21192 ||| Stepping ~*~*~tactically~*~*~ (stealth).
 21232 | D:13     | Found a gate to the Vaults.
 21331 | D:13     | 21331 ||| INVOKING Heroism.
 21332 | D:13     | 21332 ||| INVOKING Finesse.
 21338 | D:13     | Killed Urug
 21378 | D:13     | 21378 ||| DROPPING +0 morningstar of draining.
 21379 | D:13     | 21379 ||| DROPPING +0 flail.
 21380 | D:13     | 21380 ||| DROPPING -2 demon whip of venom.
 21381 | D:13     | Identified the +0 trident of Fragile Peace {venom, rN+
                  | Int-5 Stlth+}
 21382 | D:13     | 21382 ||| Stepping ~*~*~tactically~*~*~ (hiding).
 21383 | D:13     | 21383 ||| Stepping ~*~*~tactically~*~*~ (hiding).
 21573 | D:13     | 21573 ||| DROPPING ring of ice.
 21602 | D:14     | 21602 ||| INVOKING Heroism.
 21603 | D:14     | 21603 ||| INVOKING Finesse.
 21608 | D:14     | Reached skill level 3 in Throwing
 21645 | D:14     | You are sucked into a shaft and drop 1 floor!
 21645 | D:15     | Entered Level 15 of the Dungeon
 21684 | D:14     | 21684 ||| READING scroll of enchant armour.
 21684 | D:14     | 21684 ||| ENCHANTING +3 plate armour of fire resistance.
 21695 | D:14     | 21695 ||| Stepping ~*~*~tactically~*~*~ (hiding).
 21706 | D:14     | 21706 ||| INVOKING Heroism.
 21851 | D:14     | Found a bloodstained altar of Trog.
 21864 | D:14     | 21864 ||| Stepping ~*~*~tactically~*~*~ (stealth).
 21865 | D:14     | 21865 ||| Stepping ~*~*~tactically~*~*~ (stealth).
 21924 | D:14     | Received a gift from Okawaru
 22156 | D:14     | 22156 ||| Stepping ~*~*~tactically~*~*~ (hiding).
 22157 | D:14     | 22157 ||| Stepping ~*~*~tactically~*~*~ (hiding).
 22263 | D:14     | Found a shimmering blue altar of Sif Muna.
 22393 | D:14     | 22393 ||| UPGRADING to +1 buckler of protection.
 22403 | D:14     | 22403 ||| DROPPING +0 buckler.
 22408 | D:15     | 22408 ||| INVOKING Heroism.
 22409 | D:15     | 22409 ||| INVOKING Finesse.
 22410 | D:15     | 22410 ||| SWAPPING to +0 eveningstar.
 22417 | D:15     | 22417 ||| SWAPPING to +2 broad axe of holy wrath.
 22440 | D:15     | Identified the +1 pair of boots "Holued" {Str+2 Dex+4
                  | Stlth-} (Okawaru gifted it to you on level 15 of the
                  | Dungeon)
 22440 | D:15     | Received a gift from Okawaru
 22837 | D:15     | 22837 ||| Stepping ~*~*~tactically~*~*~ (hiding).
 22838 | D:15     | 22838 ||| Stepping ~*~*~tactically~*~*~ (hiding).
 22841 | D:15     | 22841 ||| INVOKING Heroism.
 22882 | D:15     | 22882 ||| Stepping ~*~*~tactically~*~*~ (stealth).
 22909 | D:15     | 22909 ||| INVOKING Heroism.
 22916 | D:15     | Reached skill level 6 in Throwing
 22943 | D:15     | 22943 ||| Stepping ~*~*~tactically~*~*~ (hiding).
 22951 | D:15     | 22951 ||| INVOKING Heroism.
 22957 | D:15     | 22957 ||| Stepping ~*~*~tactically~*~*~ (hiding).
 23038 | D:15     | Found a staircase to the Depths.
 23175 | D:15     | Identified the +0 great mace "Starlight" {freeze, rPois
                  | Int+5}
 23189 | D:15     | 23189 ||| Stepping ~*~*~tactically~*~*~ (hiding).
 23500 | D:15     | 23500 ||| PLANNING ORC
 23500 | D:15     | 23500 ||| UPGRADING to +1 pair of boots "Holued" {Str+2
                  | Dex+4 Stlth-}.
 23510 | D:15     | 23510 ||| DROPPING +2 pair of boots.
 23511 | D:15     | 23511 ||| UPGRADING to +0 pair of gloves.
 23516 | D:15     | 23516 ||| DRINKING 2 viscous amethyst potions.
 23621 | D:15     | 23621 ||| DROPPING potion of berserk rage.
 23708 | Orc:1    | Entered Level 1 of the Orcish Mines
 23709 | Orc:1    | 23709 ||| INVOKING Heroism.
 24050 | Orc:2    | Entered Level 2 of the Orcish Mines
 24137 | Orc:2    | Found Vaarek's Book Emporium.
 24310 | Orc:1    | 24310 ||| Stepping ~*~*~tactically~*~*~ (hiding).
 24446 | Orc:2    | Found a staircase to the Elven Halls.
 24452 | Orc:2    | 24452 ||| Stepping ~*~*~tactically~*~*~ (hiding).
 24453 | Orc:2    | 24453 ||| Stepping ~*~*~tactically~*~*~ (hiding).
 24454 | Orc:2    | 24454 ||| Stepping ~*~*~tactically~*~*~ (hiding).
 24465 | Orc:2    | 24465 ||| DRINKING 5 potions of curing.
 24465 | Orc:2    | 24465 ||| (to cure confusion)
 24467 | Orc:2    | 24467 ||| DRINKING 4 potions of curing.
 24467 | Orc:2    | 24467 ||| (to cure confusion)
 24535 | Orc:2    | 24535 ||| Stepping ~*~*~tactically~*~*~ (hiding).
 24536 | Orc:2    | 24536 ||| Stepping ~*~*~tactically~*~*~ (stealth).
 24538 | Orc:2    | 24538 ||| INVOKING Heroism.
 24541 | Orc:2    | 24541 ||| Stepping ~*~*~tactically~*~*~ (hiding).
 24560 | Orc:2    | 24560 ||| Stepping ~*~*~tactically~*~*~ (hiding).
 24730 | Orc:2    | 24730 ||| Stepping ~*~*~tactically~*~*~ (stealth).
 24737 | Orc:2    | 24737 ||| INVOKING Heroism.
 24760 | Orc:2    | 24760 ||| FLEEEEING.
 24761 | Orc:2    | 24761 ||| FLEEEEING.
 24762 | Orc:2    | 24762 ||| FLEEEEING.
 24763 | Orc:2    | 24763 ||| FLEEEEING.
 24764 | Orc:2    | 24764 ||| FLEEEEING.
 24770 | Orc:2    | 24770 ||| FLEEEEING.
 24776 | Orc:2    | 24776 ||| Stepping ~*~*~tactically~*~*~ (stealth).
 24777 | Orc:2    | 24777 ||| INVOKING Heroism.
 24815 | Orc:2    | 24815 ||| Stepping ~*~*~tactically~*~*~ (stealth).
 25019 | Orc:2    | 25019 ||| Stepping ~*~*~tactically~*~*~ (stealth).
 25022 | Orc:2    | 25022 ||| Stepping ~*~*~tactically~*~*~ (stealth).
 25031 | Orc:2    | 25031 ||| Stepping ~*~*~tactically~*~*~ (hiding).
 25033 | Orc:2    | 25033 ||| Stepping ~*~*~tactically~*~*~ (hiding).
 25034 | Orc:2    | 25034 ||| Stepping ~*~*~tactically~*~*~ (hiding).
 25041 | Orc:2    | 25041 ||| Stepping ~*~*~tactically~*~*~ (hiding).
 25138 | Orc:2    | 25138 ||| Stepping ~*~*~tactically~*~*~ (stealth).
 25142 | Orc:2    | 25142 ||| Stepping ~*~*~tactically~*~*~ (hiding).
 25150 | Orc:2    | 25150 ||| INVOKING Heroism.
 25239 | Orc:2    | 25239 ||| Stepping ~*~*~tactically~*~*~ (hiding).
 25262 | Orc:2    | 25262 ||| Stepping ~*~*~tactically~*~*~ (stealth).
 25264 | Orc:2    | 25264 ||| Stepping ~*~*~tactically~*~*~ (stealth).
 25266 | Orc:2    | 25266 ||| INVOKING Heroism.
 25280 | Orc:2    | Reached skill level 12 in Armour
 25280 | Orc:2    | 25280 ||| DRINKING 3 potions of curing.
 25280 | Orc:2    | 25280 ||| (to cure confusion)
 25283 | Orc:2    | Reached XP level 16. HP: 92/104 MP: 23/23
 25284 | Orc:2    | Found Wuheqoy's Magic Scroll Emporium.
 25284 | Orc:2    | Found Fammae's Antique Armour Boutique.
 25343 | Orc:2    | Found Alaroesig's Antique Weapon Emporium.
 25343 | Orc:2    | Found Gixtir's Jewellery Boutique.
 25349 | Orc:2    | 25349 ||| BUYING 3 scrolls of enchant armour (292 gold).
 25349 | Orc:2    | Bought 3 scrolls of enchant armour for 292 gold pieces
 25349 | Orc:2    | 25349 ||| BUYING scroll of identify (26 gold).
 25349 | Orc:2    | Bought a scroll of identify for 26 gold pieces
 25349 | Orc:2    | 25349 ||| BUYING scroll of identify (26 gold).
 25349 | Orc:2    | Bought a scroll of identify for 26 gold pieces
 25349 | Orc:2    | 25349 ||| BUYING scroll of identify (26 gold).
 25349 | Orc:2    | Bought a scroll of identify for 26 gold pieces
 25349 | Orc:2    | 25349 ||| BUYING scroll of identify (26 gold).
 25349 | Orc:2    | Bought a scroll of identify for 26 gold pieces
 25349 | Orc:2    | 25349 ||| BUYING scroll of identify (26 gold).
 25349 | Orc:2    | Bought a scroll of identify for 26 gold pieces
 25349 | Orc:2    | 25349 ||| READING 3 scrolls of enchant armour.
 25349 | Orc:2    | 25349 ||| ENCHANTING +4 plate armour of fire resistance.
 25350 | Orc:2    | 25350 ||| READING 2 scrolls of enchant armour.
 25350 | Orc:2    | 25350 ||| ENCHANTING +5 plate armour of fire resistance.
 25351 | Orc:2    | 25351 ||| READING scroll of enchant armour.
 25351 | Orc:2    | 25351 ||| ENCHANTING +6 plate armour of fire resistance.
 25355 | Orc:2    | 25355 ||| BUYING amulet of guardian spirit (390 gold).
 25355 | Orc:2    | Bought an amulet of guardian spirit for 390 gold pieces
 25355 | Orc:2    | 25355 ||| BUYING amulet of reflection (390 gold).
 25355 | Orc:2    | Bought an amulet of reflection for 390 gold pieces
 25355 | Orc:2    | 25355 ||| BUYING ring "Josigg" {+Blink EV+5} (650 gold).
 25355 | Orc:2    | Bought the ring "Josigg" {+Blink EV+5} for 650 gold pieces
 25357 | Orc:2    | 25357 ||| DROPPING amulet of guardian spirit.
 25358 | Orc:2    | 25358 ||| PLANNING SPIDER:1-3
 25358 | Orc:2    | 25358 ||| DROPPING amulet of the acrobat.
 25359 | Orc:2    | 25359 ||| UPGRADING to ring "Josigg" {+Blink EV+5}.
 25361 | Orc:2    | 25361 ||| DROPPING +6 ring of strength.
 25575 | Spider:1 | Entered Level 1 of the Spider Nest
 25576 | Spider:1 | 25576 ||| INVOKING Heroism.
 25615 | Spider:1 | 25615 ||| INVOKING Heroism.
 25768 | Spider:1 | Received a gift from Okawaru
 25812 | Spider:1 | 25812 ||| READING scroll of enchant weapon.
 25812 | Spider:1 | 25812 ||| ENCHANTING +2 broad axe of holy wrath.
 25887 | Spider:1 | 25887 ||| INVOKING Heroism.
 25979 | Spider:1 | 25979 ||| INVOKING Heroism.
 25983 | Spider:1 | 25983 ||| Stepping ~*~*~tactically~*~*~ (hiding).
 26052 | Spider:1 | 26052 ||| READING scroll of enchant weapon.
 26052 | Spider:1 | 26052 ||| ENCHANTING +3 broad axe of holy wrath.
 26090 | Spider:1 | 26090 ||| Stepping ~*~*~tactically~*~*~ (stealth).
 26240 | Spider:1 | Received a gift from Okawaru
 26241 | Spider:1 | Reached skill level 18 in Axes
 26375 | Spider:1 | 26375 ||| Stepping ~*~*~tactically~*~*~ (stealth).
 26534 | Spider:1 | 26534 ||| Stepping ~*~*~tactically~*~*~ (hiding).
 26544 | Spider:1 | 26544 ||| INVOKING Heroism.
 26682 | Spider:1 | Reached skill level 9 in Shields
 26838 | Spider:1 | 26838 ||| READING scroll labelled QULIRE BOTUA.
 26838 | Spider:1 | Identified a scroll of acquirement
 26838 | Spider:1 | 26838 ||| ACQUIRING ring of protection from cold
 26838 | Spider:1 | Acquired a ring of protection from cold
 26867 | Spider:2 | 26867 ||| Stepping ~*~*~tactically~*~*~ (hiding).
 26872 | Spider:2 | 26872 ||| INVOKING Heroism.
 26951 | Spider:2 | 26951 ||| Stepping ~*~*~tactically~*~*~ (stealth).
 26958 | Spider:2 | 26958 ||| Stepping ~*~*~tactically~*~*~ (hiding).
 26973 | Spider:2 | 26973 ||| INVOKING Heroism.
 27162 | Spider:2 | 27162 ||| Stepping randomly (disturbance).
 27164 | Spider:2 | 27164 ||| Stepping randomly (disturbance).
 27165 | Spider:2 | 27165 ||| Stepping randomly (disturbance).
 27441 | Spider:2 | Noticed Nikola
 27442 | Spider:2 | 27442 ||| Stepping ~*~*~tactically~*~*~ (hiding).
 27444 | Spider:2 | 27444 ||| INVOKING Heroism.
 27476 | Spider:2 | 27476 ||| Stepping ~*~*~tactically~*~*~ (hiding).
 27478 | Spider:2 | 27478 ||| Stepping ~*~*~tactically~*~*~ (hiding).
 27480 | Spider:2 | 27480 ||| Stepping ~*~*~tactically~*~*~ (hiding).
 27487 | Spider:2 | 27487 ||| INVOKING Heroism.
 27499 | Spider:2 | Killed Nikola
 27513 | Spider:2 | 27513 ||| Stepping randomly (disturbance).
 27515 | Spider:2 | 27515 ||| Stepping randomly (disturbance).
 27863 | Spider:2 | 27863 ||| Stepping ~*~*~tactically~*~*~ (stealth).
 27893 | Spider:2 | 27893 ||| INVOKING Finesse.
 27977 | Spider:2 | 27977 ||| Stepping ~*~*~tactically~*~*~ (hiding).
 27979 | Spider:2 | 27979 ||| INVOKING Heroism.
 28038 | Spider:2 | 28038 ||| Stepping ~*~*~tactically~*~*~ (hiding).
 28039 | Spider:2 | 28039 ||| Stepping ~*~*~tactically~*~*~ (hiding).
 28041 | Spider:2 | 28041 ||| INVOKING Finesse.
 28042 | Spider:2 | 28042 ||| INVOKING Heroism.
 28102 | Spider:2 | 28102 ||| INVOKING Heroism.
 28249 | Spider:2 | 28249 ||| UPGRADING to +1 cloak of willpower.
 28259 | Spider:2 | 28259 ||| READING scroll labelled QIANIG IBIOD.
 28279 | Spider:3 | 28279 ||| INVOKING Heroism.
 28325 | Spider:3 | 28325 ||| INVOKING Heroism.
 28557 | Spider:3 | 28557 ||| Stepping ~*~*~tactically~*~*~ (stealth).
 28606 | Spider:3 | 28606 ||| INVOKING Heroism.
 28625 | Spider:3 | 28625 ||| Stepping ~*~*~tactically~*~*~ (stealth).
 28626 | Spider:3 | 28626 ||| Stepping ~*~*~tactically~*~*~ (stealth).
 28690 | Spider:3 | 28690 ||| INVOKING Heroism.
 28736 | Spider:3 | 28736 ||| INVOKING Heroism.
 28737 | Spider:3 | 28737 ||| Stepping ~*~*~tactically~*~*~ (hiding).
 28744 | Spider:3 | Reached XP level 17. HP: 103/112 MP: 22/24
 28795 | Spider:3 | Received a gift from Okawaru
 28901 | Spider:3 | Noticed Arachne
 28902 | Spider:3 | 28902 ||| INVOKING Finesse.
 28928 | Spider:3 | Killed Arachne
 29030 | Spider:3 | Reached skill level 15 in Fighting
 29042 | Spider:3 | 29042 ||| Stepping ~*~*~tactically~*~*~ (stealth).
 29044 | Spider:3 | 29044 ||| Stepping ~*~*~tactically~*~*~ (stealth).
 29046 | Spider:3 | 29046 ||| Stepping ~*~*~tactically~*~*~ (stealth).
 29047 | Spider:3 | 29047 ||| INVOKING Heroism.
 29227 | Spider:3 | 29227 ||| PLANNING SHOALS:1-3
 29338 | Shoals:1 | Entered Level 1 of the Shoals
 29339 | Shoals:1 | 29339 ||| INVOKING Heroism.
 29340 | Shoals:1 | 29340 ||| INVOKING Finesse.
 29341 | Shoals:1 | 29341 ||| Stepping ~*~*~tactically~*~*~ (cloud).
 29541 | Shoals:1 | Found Alou's Antique Armour Shop.
 29550 | Shoals:1 | 29550 ||| SHOPLISTING buzzing plate armour (1008 gold, have
                  | 468).
 29566 | Shoals:1 | 29566 ||| INVOKING Heroism.
 29579 | Shoals:1 | 29579 ||| Stepping ~*~*~tactically~*~*~ (hiding).
 29582 | Shoals:1 | 29582 ||| Stepping ~*~*~tactically~*~*~ (hiding).
 29586 | Shoals:1 | 29586 ||| Stepping ~*~*~tactically~*~*~ (hiding).
 29587 | Shoals:1 | 29587 ||| Stepping ~*~*~tactically~*~*~ (hiding).
 29596 | Shoals:1 | 29596 ||| Stepping ~*~*~tactically~*~*~ (hiding).
 29627 | Shoals:1 | 29627 ||| FLEEEEING.
 29628 | Shoals:1 | 29628 ||| FLEEEEING.
 29629 | Shoals:1 | 29629 ||| FLEEEEING.
 29630 | Shoals:1 | 29630 ||| FLEEEEING.
 29631 | Shoals:1 | 29631 ||| FLEEEEING.
 29632 | Shoals:1 | 29632 ||| FLEEEEING.
 29633 | Shoals:1 | 29633 ||| Stepping ~*~*~tactically~*~*~ (hiding).
 29723 | Shoals:1 | 29723 ||| INVOKING Heroism.
 29765 | Shoals:1 | 29765 ||| Stepping ~*~*~tactically~*~*~ (stealth).
 29768 | Shoals:1 | 29768 ||| Stepping ~*~*~tactically~*~*~ (stealth).
 29862 | Shoals:1 | 29862 ||| INVOKING Heroism.
 29869 | Shoals:1 | Noticed Kirke
 29882 | Shoals:1 | Killed Kirke
 30345 | Shoals:2 | 30345 ||| Stepping ~*~*~tactically~*~*~ (stealth).
 30347 | Shoals:2 | 30347 ||| Stepping ~*~*~tactically~*~*~ (hiding).
 30377 | Shoals:2 | Received a gift from Okawaru
 30446 | Shoals:2 | Noticed Louise
 30466 | Shoals:2 | Received a gift from Okawaru
 30468 | Shoals:2 | Killed Louise
 30481 | Shoals:2 | 30481 ||| INVOKING Heroism.
 30482 | Shoals:2 | 30482 ||| INVOKING Finesse.
 30606 | Shoals:2 | Received a gift from Okawaru
 30606 | Shoals:2 | Found the +2 hood of the Assassin {Detect Stab+ Stlth++}
 30625 | Shoals:2 | 30625 ||| Stepping ~*~*~tactically~*~*~ (hiding).
 30706 | Shoals:2 | 30706 ||| DROPPING +0 eveningstar.
 30898 | Shoals:2 | 30898 ||| INVOKING Heroism.
 30962 | Shoals:2 | 30962 ||| Stepping ~*~*~tactically~*~*~ (stealth).
 30998 | Shoals:2 | 30998 ||| INVOKING Heroism.
 31290 | Shoals:2 | Noticed Aizul
 31291 | Shoals:2 | 31291 ||| Stepping ~*~*~tactically~*~*~ (hiding).
 31292 | Shoals:2 | 31292 ||| Stepping ~*~*~tactically~*~*~ (hiding).
 31294 | Shoals:2 | 31294 ||| INVOKING Heroism.
 31295 | Shoals:2 | 31295 ||| Stepping ~*~*~tactically~*~*~ (stealth).
 31296 | Shoals:2 | 31296 ||| INVOKING Finesse.
 31320 | Shoals:2 | Killed Aizul
 31324 | Shoals:2 | Reached skill level 15 in Armour
 31693 | Shoals:2 | 31693 ||| UPGRADING to +0 tower shield.
 31703 | Shoals:2 | 31703 ||| DROPPING +1 buckler of protection.
 31781 | Shoals:3 | 31781 ||| INVOKING Heroism.
 32096 | Shoals:3 | Noticed Mara
 32097 | Shoals:3 | 32097 ||| INVOKING Heroism.
 32099 | Shoals:3 | Noticed qw's illusion
 32117 | Shoals:3 | HP: 15/115 [qw's illusion (illusionary)[Mara] (15)]
 32118 | Shoals:3 | 32118 ||| READING 14 scrolls of teleportation.
 32119 | Shoals:3 | 32119 ||| DRINKING potion of heal wounds.
 32136 | Shoals:3 | 32136 ||| INVOKING Heroism.
 32151 | Shoals:3 | HP: 23/115 [something (illusionary)/bolt of fire (14)]
 32152 | Shoals:3 | 32152 ||| READING 13 scrolls of teleportation.
 32411 | Shoals:3 | 32411 ||| Stepping ~*~*~tactically~*~*~ (hiding).
 32412 | Shoals:3 | 32412 ||| INVOKING Heroism.
 32640 | Shoals:3 | 32640 ||| INVOKING Heroism.
 32647 | Shoals:3 | Reached XP level 18. HP: 82/120 MP: 23/25
 32660 | Shoals:3 | Received a gift from Okawaru
 32663 | Shoals:3 | Noticed qw's illusion
 32675 | Shoals:3 | HP: 24/120 [Mara/+2 demon trident of venom (11)]
 32676 | Shoals:3 | 32676 ||| READING 12 scrolls of teleportation.
 32838 | Shoals:3 | 32838 ||| INVOKING Heroism.
 32956 | Shoals:3 | 32956 ||| DROPPING +2 eveningstar of venom.
 33043 | Shoals:3 | 33043 ||| INVOKING Heroism.
 33044 | Shoals:3 | Noticed qw's illusion
 33073 | Shoals:3 | 33073 ||| INVOKING Heroism.
 33093 | Shoals:3 | HP: 19/120 [qw's illusion (illusionary)[Mara] (18)]
 33094 | Shoals:3 | 33094 ||| READING 11 scrolls of teleportation.
 33365 | Shoals:3 | 33365 ||| INVOKING Heroism.
 33382 | Shoals:3 | Killed Mara
 33383 | Shoals:3 | Reached skill level 12 in Shields
 33654 | Shoals:3 | 33654 ||| PLANNING SPIDER:4
 33654 | Shoals:3 | 33654 ||| DROPPING +2 pair of boots.
 33789 | Spider:4 | Entered Level 4 of the Spider Nest
 33797 | Spider:4 | 33797 ||| INVOKING Heroism.
 33852 | Spider:4 | Received a gift from Okawaru
 33855 | Spider:4 | 33855 ||| INVOKING Heroism.
 33886 | Spider:4 | HP: 25/120 [radroach (17)]
 33887 | Spider:4 | 33887 ||| READING 10 scrolls of teleportation.
 33887 | Spider:4 | HP: 10/120 [radroach (15)]
 33888 | Spider:4 | Slain by a jorogumo

Levels and vault maps discovered:
D:1:      lightli_arrival_flooded_house, layout_basic
D:2:      layout_basic, serial_shops, shop, grunt_ministairs_7, kennysheep_donut
D:3:      layout_loops_ring, serial_shops, nicolae_shop_just_a_little_nook,
          roderic_roman_lattice
D:4:      layout_basic, grunt_temple_overflow_cloverleaf,
          minmay_temple_entry_hall, serial_shops, shop, minmay_misc_feat_rugged
D:5:      layout_basic, minmay_fire_ice_demons
D:6:      layout_basic, serial_bayou_pond_a, uniq_duvessa
D:7:      layout_basic, uniq_joseph
D:8:      layout_basic, serial_co_window_serial, co_window_corner_a,
          co_window_corner_a, co_window_paths_b, co_window_of_opportunity_a,
          co_window_paths_a, co_window_corner_b, co_window_corner_b,
          co_window_corner_b, co_window_broadway_b, minmay_circle_x
D:9:      gammafunk_beogh_shrine, layout_loops_corners, lair_entry_dummy,
          enter_bailey_3, serial_shops, shop
D:10:     layout_long_grid, grunt_ministairs_15, minivault_27
D:11:     layout_basic, uniq_josephine, uniq_grum, uniq_psyche
D:12:     layout_basic, hiddenorc1_lemuel
D:13:     minmay_the_grid_four_pointed_star_mashed
          [minmay_the_grid_triangle_9x9_impossible_snake,
          minmay_the_grid_triangle_9x9_swiss_cheese,
          minmay_the_grid_triangle_9x9_longest,
          minmay_the_grid_triangle_9x9_pentomino_pain,
          minmay_the_grid_prize_trominoes], layout_basic, david_vaults_3,
          serial_shops, nicolae_square_shop, portal_ice_cave_entry_pillars_2,
          grunt_ministairs_11, uniq_urug
D:14:     layout_rooms, led_sif_pool, trog_butcher_becter
D:15:     gammafunk_enter_depths_forms, layout_layer_cave, reono_crystal_passage
Temple:   mainiacjoe_temple_bowtie_tessellation
Lair:1:   layout_regular_city, ebering_ghost_reflecting_pool
Lair:2:   layout_gridlike, minmay_shoals_entry_beasts, st_stairs_10,
          uniq_gastronok, uniq_nergalle, uniq_amaemon, uniq_erica
Lair:3:   layout_small_grid, nicolae_spider_entry_tight_spaces,
          gauntlet_entry_generic
Lair:4:   layout_roguey, grunt_megastairs_3, serial_bayou_shore_b
Lair:5:   evilmike_catoblepas_cave, layout_gridlike,
          minmay_slime_entry_oklob_enclosed
Shoals:1: layout_shoals, serial_shops, shop, dpeg_stationary_puzzle, uniq_kirke
Shoals:2: layout_shoals, uniq_aizul, uniq_louise
Shoals:3: layout_shoals, uniq_mara
Spider:1: layout_spider_delve
Spider:2: layout_spider_delve, hellmonk_spider_spawner,
          hangedman_spider_tarantella_strand, uniq_nikola
Spider:3: layout_spider_delve, uniq_arachne
Spider:4: floodkiller_spider_rune_tomb
Orc:1:    layout_caves, abandoned_shop
Orc:2:    grunt_orc_tribal_feast, layout_caves, serial_shops, shop, basic_altar,
          nicolae_orc_stony_grotto, guppyfry_library_mini

Skill      XL: |  1  2  3  4  5  6  7  8  9 10 11 12 13 14 15 16 17 18 |
---------------+-------------------------------------------------------+-----
Axes           | 2 3 4 5 6 9 10 11 12 13 15 16 17 18 | 18.0
Fighting       | 4 6 7 9 10 11 12 13 14 16 | 16.0
Invocations    | 1 4 8 10 | 10.1
Dodging        | 1 2 4 5 |  5.1
Throwing       | 1 2 7 |  7.7
Shields        | 4 5 6 7 8 9 11 13 | 13.5
Armour         | 4 7 8 9 10 11 12 14 15 | 15.0

Action                     |  1- 3 |  4- 6 |  7- 9 | 10-12 | 13-15 | 16-18 || total
---------------------------+-------+-------+-------+-------+-------+-------++-------
  Melee: War axe           |    81 |   166 |   281 |   540 |   752 |       ||  1820
         Flail             |       |       |       |    13 |       |       ||    13
         Broad axe         |       |       |       |       |   630 |  1269 ||  1899
         Eveningstar       |       |       |       |       |     5 |       ||     5
  Throw: Boomerang         |       |     1 |    51 |    47 |   110 |    85 ||   294
         Javelin           |       |       |       |       |    47 |    65 ||   112
 Invoke: Heroism           |       |       |    14 |    21 |    32 |    37 ||   104
         Finesse           |       |       |       |     3 |    15 |     6 ||    24
    Use: Scroll            |     2 |     8 |     6 |     9 |     5 |    12 ||    42
         Potion            |     1 |       |     4 |     1 |     7 |     1 ||    14
   Stab: Distracted        |       |       |       |     1 |       |       ||     1
 Armour: Scale mail        |    36 |    37 |       |       |       |       ||    73
         Chain mail        |       |    31 |   157 |    20 |       |       ||   208
         Plate armour      |       |       |       |   246 |   552 |   659 ||  1457
         Skin              |       |       |       |     1 |       |       ||     1
  Dodge: Dodged            |    33 |    73 |   116 |   277 |   583 |   999 ||  2081
  Block: Buckler           |     8 |    26 |    52 |    95 |   232 |   310 ||   723
         Tower shield      |       |       |       |       |       |   411 ||   411

Table legend:
 A = Non-vault XP
 B = Vault XP
 C = Vault XP percentage of total XP
 D = Non-vault monster count
 E = Vault monster count
 F = Vault count percentage of total count
                 A         B        C        D         E       F
            +---------+---------+-------+---------+---------+-------
      Total |  197653 |   70296 |  26.2 |     706 |     199 |  22.0
            +---------+---------+-------+---------+---------+-------
        D:1 |      41 |       0 |   0.0 |      16 |       0 |   0.0
        D:2 |      52 |      28 |  35.0 |      23 |       2 |   8.0
        D:3 |      51 |       0 |   0.0 |      17 |       0 |   0.0
        D:4 |      42 |       0 |   0.0 |       9 |       0 |   0.0
        D:5 |     466 |      58 |  11.1 |      17 |       2 |  10.5
        D:6 |    1123 |     209 |  15.7 |      27 |       2 |   6.9
        D:7 |     917 |     450 |  32.9 |      12 |       1 |   7.7
        D:8 |    2329 |     311 |  11.8 |      14 |       4 |  22.2
        D:9 |    2336 |       8 |   0.3 |      16 |       4 |  20.0
       D:10 |    2264 |     259 |  10.3 |      14 |       8 |  36.4
       D:11 |    6376 |    2782 |  30.4 |      38 |      11 |  22.4
       D:12 |    5186 |     184 |   3.4 |      11 |      17 |  60.7
       D:13 |    2347 |   12953 |  84.7 |       5 |      31 |  86.1
       D:14 |    3239 |     380 |  10.5 |       5 |       4 |  44.4
       D:15 |    7153 |    6044 |  45.8 |      19 |       8 |  29.6
     Lair:1 |    8331 |       0 |   0.0 |      32 |       0 |   0.0
     Lair:2 |    7141 |    5584 |  43.9 |      41 |      10 |  19.6
     Lair:3 |   10804 |    1872 |  14.8 |      39 |       9 |  18.8
     Lair:4 |    7395 |     186 |   2.5 |      30 |       2 |   6.2
     Lair:5 |    5438 |   13151 |  70.7 |      17 |      26 |  60.5
   Shoals:1 |   16319 |    2378 |  12.7 |      33 |       5 |  13.2
   Shoals:2 |   20637 |    2345 |  10.2 |      40 |       2 |   4.8
   Shoals:3 |   15410 |    3996 |  20.6 |      34 |       1 |   2.9
   Spider:1 |   16662 |       0 |   0.0 |      41 |       0 |   0.0
   Spider:2 |   14297 |    6864 |  32.4 |      32 |       8 |  20.0
   Spider:3 |   21510 |    2122 |   9.0 |      43 |       1 |   2.3
   Spider:4 |   14938 |     373 |   2.4 |      35 |       1 |   2.8
      Orc:1 |    3554 |       0 |   0.0 |      23 |       0 |   0.0
      Orc:2 |    1295 |    7759 |  85.7 |      23 |      40 |  63.5
            +---------+---------+-------+---------+---------+-------
